 Dungeon Crawl Stone Soup version 0.29-a0-356-g7bc237e783 (webtiles) character file.

Game seed: 11120179617401544925

214 siradein the Fighter (level 5, -5/66 HPs)
             Began as an Ogre Berserker on Apr 27, 2022.
             Was a Follower of Trog.
             Slain by a gnoll
             ... wielding a +0 halberd
              (6 damage)
             ... on level 2 of the Dungeon.
             The game lasted 00:03:15 (1180 turns).

siradein the Fighter (Ogre Berserker)               Turns: 1180, Time: 00:03:16

Health: -5/66      AC:  3    Str: 23    XL:     5   Next: 92%
Magic:  0/5        EV: 10    Int:  8    God:    Trog [*.....]
Gold:   80         SH:  0    Dex:  8    Spells: 4/4 levels left

rFire   . . .      SeeInvis .   p - +0 scythe
rCold   . . .      Faith    .   (shield currently unavailable)
rNeg    . . .      Spirit   +   b - +0 animal skin
rPois   .          Reflect  .   (helmet restricted)
rElec   .          Harm     .   (no cloak)
rCorr   .          Rampage  .   (gloves unavailable)
Will    .....                   (boots unavailable)
Stlth   +.........              n - amulet of guardian spirit
HPRegen 0.21/turn               (no ring)
MPRegen 0.09/turn               (no ring)

@: on berserk cooldown, slowed, very slow
A: large, unfitting armour, tough skin 1
a: Renounce Religion, Berserk


You were on level 2 of the Dungeon.
You worshipped Trog.
Trog was aware of your devotion.
You visited 1 branch of the dungeon, and saw 2 of its levels.

You collected 80 gold pieces.

Inventory:

Hand Weapons
 p - a +0 scythe (weapon)
Armour
 b - a +0 animal skin (worn)
Jewellery
 n - an amulet of guardian spirit (around neck)
 q - a +6 ring of intelligence
 r - a ring of protection from cold
Scrolls
 c - 3 scrolls of identify {unknown}
 e - a scroll of fog {unknown}
 h - 2 scrolls of enchant weapon {unknown}
 j - 2 scrolls of vulnerability {unknown}
 m - a scroll of teleportation {unknown}
Potions
 a - a potion of might {unknown}
 d - a potion of cancellation {unknown}
 f - 2 potions of haste {unknown}
 g - a potion of berserk rage {unknown}
 i - a potion of magic {unknown}
 k - 2 potions of brilliance {unknown}
 l - 3 potions of curing {unknown}
 o - a potion of flight {unknown}


   Skills:
 + Level 8.4 Fighting
 - Level 3.0 Polearms
 - Level 2.6 Dodging


You had 4 spell levels left.
You didn't know any spells.
Your spell library was empty.

Dungeon Overview and Level Annotations

Branches:
Dungeon (2/15)

Altars:

Annotations:
D:2 Robin


Innate Abilities, Weirdness & Mutations

You are too large for most types of armour.
You have tough skin. (AC +1)


Message History

* * * LOW HITPOINT WARNING * * *
The goblin closely misses you.
You closely miss the goblin.
The goblin no longer looks unusually strong.
The goblin misses you. The goblin hits you with a +0 club.
* * * LOW HITPOINT WARNING * * *
The goblin hits you with a +0 dagger.
* * * LOW HITPOINT WARNING * * *
The goblin closely misses you.
You closely miss the goblin. The goblin barely misses you.
The goblin completely misses you.
You barely miss the goblin. The goblin closely misses you.
The goblin hits you but does no damage.
Unknown command.
You closely miss the goblin. The goblin hits you but does no damage.
The goblin closely misses you. x2; The goblin hits you but does no damage.
You closely miss the goblin.
Robin roars a battlecry!
The goblins go into a battle-frenzy!
The goblin hits you with a +0 dagger.
* * * LOW HITPOINT WARNING * * *
The goblin hits you but does no damage.
You slice the goblin!!
You kill the goblin!
Trog accepts your kill.
You are no longer berserk.
You are exhausted.
You feel yourself slow down. The goblin hits you with a +0 dagger.
* * * LOW HITPOINT WARNING * * *
Unknown command.
Unknown command.
You slice the goblin!!
You kill the goblin!
Trog accepts your kill. The gnoll barely misses you.
The goblin hits you but does no damage.
The gnoll hits you from afar with a +0 halberd!
* * * LOW HITPOINT WARNING * * *
The goblin barely misses you.
The gnoll hits you from afar with a +0 halberd.
You die...

#######..# #....
#....##.#######....
#....##.###.......#
#.........<.#.....#
#....#.)#####.#.###
#....#.## #.#.#
#....#.# #.#.#
##)###.# #.#.# #@#
#.# ..#.# #g# #..
....# #g# ### ..###


#gg ##g .# .# .# You could see Robin, 3 gnolls and a goblin (strong).

Vanquished Creatures
  Sigmund (D:2)
  Jessica (D:2)
  2 worms (D:2)
  2 endoplasms (D:2)
  A giant cockroach (D:2)
  A hobgoblin (D:2)
  2 kobolds (D:2)
  5 bats
  2 frilled lizards (D:1)
  8 goblins
  A rat (D:1)
26 creatures vanquished.

Notes
Turn   | Place    | Note
-------+----------+-------------------------------------------
     0 | D:1      | siradein the Ogre Berserker began the quest for the Orb.
     0 | D:1      | Reached XP level 1. HP: 24/24 MP: 1/1
   600 | D:2      | Reached XP level 2. HP: 33/33 MP: 2/2
   639 | D:2      | Reached skill level 5 in Fighting
   795 | D:2      | Noticed Sigmund
   809 | D:2      | Killed Sigmund
   810 | D:2      | Reached skill level 8 in Fighting
   810 | D:2      | Reached XP level 3. HP: 32/48 MP: 3/3
   810 | D:2      | Reached XP level 4. HP: 38/57 MP: 4/4
   810 | D:2      | Reached XP level 5. HP: 42/63 MP: 5/5
  1149 | D:2      | Noticed Jessica
  1150 | D:2      | Killed Jessica
  1161 | D:2      | Noticed Robin
  1180 | D:2      | HP: 1/66 [gnoll/+0 halberd (8)]
  1180 | D:2      | Slain by a gnoll

Illustrated notes

Levels and vault maps discovered:
D:1:      eino_arrival_water_cross, layout_loops_ring
D:2:      layout_rooms, uniq_robin, uniq_jessica, uniq_sigmund,
          uniq_crazy_yiuf_cottage

Skill      XL: |  1  2 |
---------------+-------+-----
Fighting       | 8 |  8.4
Polearms       | |  3.0
Dodging        | |  2.6

Action                   |  1- 3 |  4- 6 || total
-------------------------+-------+-------++-------
Melee: Spear             |    55 |     3 ||    58
       Scythe            |       |    24 ||    24
Invok: Berserk           |     1 |     1 ||     2
Armor: Animal skin       |    17 |    16 ||    33
Dodge: Dodged            |    28 |    22 ||    50

Table legend: (Time is in decaauts)
 A = Elapsed time spent in this place.
 B = Non-inter-level travel time spent in this place.
 C = Inter-level travel time spent in this place.
 D = Time resting spent in this place.
 E = Time spent auto-exploring this place.
 F = Levels seen in this place.
 G = Mean time per level.
                   A        B        C        D        E       F      G
               +--------+--------+--------+--------+--------+-----+--------+
         Total |   1200 |   1178 |     22 |      0 |    980 |   2 |  600.0 |
       Dungeon |   1200 |   1178 |     22 |      0 |    980 |   2 |  600.0 |
               +--------+--------+--------+--------+--------+-----+--------+

Top non-repeatable levels by time:
     D:1: 616 daAuts
     D:2: 583 daAuts
